 Dungeon Crawl Stone Soup version 0.31-a0-948-gf5be29c462 (webtiles) character file.

Game seed: 9312104070535210969

54 ketsa the Chopper (level 3, -17/31 HPs)
             Began as a Hill Orc Monk on Oct 21, 2023.
             Demolished by a sleepcap (19 damage)
             ... on level 2 of the Dungeon.
             The game lasted 00:03:10 (1564 turns).

ketsa the Chopper (Hill Orc Monk)                   Turns: 1564, Time: 00:03:11

Health: -17/31     AC:  4    Str: 15    XL:     3   Next: 91%
Magic:  3/3        EV:  2    Int: 10    God:
Gold:   74         SH:  0    Dex: 13    Spells: 2/2 levels left

rFire   . . .        a - +0 hand axe
rCold   . . .        d - orb {light}
rNeg    . . .        b - +0 robe
rPois   .            (no helmet)
rElec   .            r - +1 cloak
rCorr   .            (no gloves)
SInv    .            (no boots)
Will    .....        (no amulet)
Stlth   +            (no ring)
HPRegen 0.25/turn    (no ring)
MPRegen 0.08/turn

%: no passive effects
@: sleeping, glowing
A: no striking features
a: no special abilities


You were on level 2 of the Dungeon.
You visited 1 branch of the dungeon, and saw 2 of its levels.

You collected 74 gold pieces.

Inventory:

Hand Weapons
 a - a +0 hand axe (weapon)
Armour
 b - a +0 robe (worn)
 d - an orb of light (worn)
 r - a +1 cloak (worn)
Jewellery
 f - a ring of resist corrosion
 l - an amulet of regeneration
Scrolls
 g - a scroll of blinking {unknown}
 i - a scroll of enchant weapon {unknown}
 j - a scroll of amnesia {unknown}
 n - a scroll of fog {unknown}
 p - a scroll of identify
 q - a scroll of fear {unknown}
Potions
 c - a potion of ambrosia
 e - 2 potions of brilliance
 k - a potion of mutation
 m - a potion of heal wounds {unknown}
 o - a potion of attraction {unknown}


   Skills:
 - Level 3.6 Fighting
 * Level 5.6 Axes
 + Level 3.0 Dodging


You had 2 spell levels left.
You didn't know any spells.
Your spell library was empty.

Dungeon Overview and Level Annotations

Branches:
Dungeon (2/15)

Altars:


Message History

You are unaffected.
You hit the sleepcap.
The sleepcap is lightly damaged.
The sleepcap barely misses you.
You hit the sleepcap but do no damage.
The sleepcap is lightly damaged.
The sleepcap releases spores at you.
You are engulfed in a cloud of soporific spores!
You are unaffected.
You hit the sleepcap but do no damage.
The sleepcap is lightly damaged.
The sleepcap releases spores at you.
You hit the sleepcap but do no damage.
The sleepcap is lightly damaged.
The sleepcap closely misses you.
You hit the sleepcap.
The sleepcap is moderately damaged.
The sleepcap closely misses you.
You hit the sleepcap but do no damage.
The sleepcap is moderately damaged.
The sleepcap misses you.
You hit the sleepcap.
The sleepcap is moderately damaged.
The sleepcap releases spores at you but does no damage.
You hit the sleepcap but do no damage.
The sleepcap is moderately damaged.
The sleepcap barely misses you.
You hit the sleepcap but do no damage.
The sleepcap is moderately damaged.
The sleepcap releases spores at you!
* * * LOW HITPOINT WARNING * * *
You hit the sleepcap.
The sleepcap is heavily damaged.
The sleepcap releases spores at you!
* * * LOW HITPOINT WARNING * * *
You are engulfed in a cloud of soporific spores!
You fall asleep.
The sleepcap releases spores at you!!
Ouch! That really hurt!
You die...

.....[ ..#.
##... ..#
##.# #... #.#
#.## # #.# #.
.#########.#
#.##
............#
#..## ..
###.......
##...###.#.##
#.######
#.....@f....#
#
##...#####..#
### ##..##
#..
##...######..
#.#
#............
##...######..
#.# ##..###
#.># #.#
##...# #..#
#.# #.# ###.#
#..# #.# #.#


You could see a sleepcap.

Vanquished Creatures
  An adder (D:2)
  3 endoplasms (D:1)
  5 giant cockroaches
  5 goblins
  3 hobgoblins (D:1)
  2 quokkas (D:1)
  5 ball pythons
  6 bats (D:2)
  2 frilled lizards
  6 kobolds
  2 rats (D:2)
40 creatures vanquished.

Notes
Turn   | Place    | Note
-------+----------+-------------------------------------------
     0 | D:1      | ketsa the Hill Orc Monk began the quest for the Orb.
     0 | D:1      | Reached XP level 1. HP: 19/19 MP: 1/1
   209 | D:1      | Reached XP level 2. HP: 22/26 MP: 2/2
   857 | D:1      | Reached skill level 5 in Axes
   932 | D:2      | Reached XP level 3. HP: 31/31 MP: 3/3
  1564 | D:2      | Demolished by a sleepcap

Illustrated notes

Levels and vault maps discovered:
D:1:      psy_arrival_conway, layout_loops_ring, minmay_crystal_water,
          serial_bayou_pond_d
D:2:      layout_loops_ring, minmay_circle_x

Skill      XL: |  1  2  3 |
---------------+----------+-----
Axes           | 5 |  5.6
Dodging        | 3 |  3.0
Fighting       | |  3.6

Action                     || total
---------------------------++-------
  Melee: Hand axe          ||   106
    Use: Scroll            ||     2
 Armour: Robe              ||    57
  Dodge: Dodged            ||    77

Table legend: (Time is in decaauts)
 A = Elapsed time spent in this place.
 B = Non-inter-level travel time spent in this place.
 C = Inter-level travel time spent in this place.
 D = Time resting spent in this place.
 E = Time spent auto-exploring this place.
 F = Levels seen in this place.
 G = Mean time per level.
                   A        B        C        D        E       F      G
               +--------+--------+--------+--------+--------+-----+--------+
         Total |   1576 |   1545 |     31 |     92 |   1049 |   2 |  788.0 |
       Dungeon |   1576 |   1545 |     31 |     92 |   1049 |   2 |  788.0 |
               +--------+--------+--------+--------+--------+-----+--------+

Top non-repeatable levels by time:
     D:1: 902 daAuts
     D:2: 673 daAuts
